 Dungeon Crawl Stone Soup version 0.19-a0-1685-g42d40c4 (webtiles) character file.

186 TheGoonsmith the Conjurer (level 5, 0/28 HPs)
             Began as a Gargoyle Fire Elementalist on Oct 7, 2016.
             Slain by a scorpion (5 damage)
             ... on level 3 of the Dungeon.
             The game lasted 00:04:59 (3103 turns).

TheGoonsmith the Conjurer (GrFE)                    Turns: 3103, Time: 00:04:59

Health: 0/28       AC:  7    Str: 10 (12) XL:     5   Next: 65%
Magic:  0/9        EV: 12    Int: 15 (16) God:
Gold:   121        SH:  0    Dex:  8 (10) Spells: 3 memorised, 2 levels left

rFire  . . .     SeeInvis .     h - +0 mace
rCold  . . .     Gourm    .     a - +1 robe
rNeg   + . .     Faith    .     (no shield)
rPois  ∞         Spirit   .     (no helmet)
rElec  +         Dismiss  .     (no cloak)
rCorr  .         Reflect  .     (no gloves)
MR     .....     Harm     .     (no boots)
Stlth  ++........               (no amulet)
                                (no ring)
                                (no ring)

@: no status effects
A: negative energy resistance 1, electricity resistance, unbreathing,
petrification resistance, rot immunity, AC +4
a: no special abilities


You were on level 3 of the Dungeon.
You were not hungry.

You visited 1 branch of the dungeon, and saw 4 of its levels.

You collected 121 gold pieces.

Inventory:

Hand Weapons
 c - a +0 dagger
 h - a +0 mace (weapon)
Armour
 a - a +1 robe (worn)
Jewellery
 d - a +2 ring of strength {unknown}
 e - an uncursed amulet of faith
Scrolls
 f - 2 scrolls of identify
Potions
 i - 3 potions of lignification
 l - 4 potions of curing
Books
 b - a book of Flames

   Spells                             Type                      Level
   a - Flame Tongue                   Conjuration/Fire             1
   b - Throw Flame                    Conjuration/Fire             2
   c - Conjure Flame                  Conjuration/Fire             3
   d - Inner Flame                    Hexes/Fire                   3
   e - Sticky Flame                   Conjuration/Fire             4
   f - Fireball                       Conjuration/Fire             5
 m - a book of Ice

   Spells                             Type                      Level
   a - Ice Form                       Ice/Transmutation            4
   b - Metabolic Englaciation         Hexes/Ice                    5
   c - Ozocubu's Refrigeration        Ice                          6
   d - Bolt of Cold                   Conjuration/Ice              6
   e - Freezing Cloud                 Conjuration/Ice/Air          6
   f - Simulacrum                     Ice/Necromancy               6


   Skills:
 - Level 1.5 Dodging
 - Level 2.1 Stealth
 + Level 3.0 Spellcasting
 * Level 4.3 Conjurations
 + Level 3.8 Fire Magic


You had 2 spell levels left.
You knew the following spells:

 Your Spells              Type           Power        Failure   Level  Hunger
a - Flame Tongue          Conj/Fire      ##...        4%          1    #......
c - Conjure Flame         Conj/Fire      ##......     14%         3    ###....
s - Sticky Flame          Conj/Fire      ##......     41%         4    #####..


Dungeon Overview and Level Annotations

Branches:
Dungeon (4/15)
 Temple: D:3-6         Lair: D:-1         Crypt: Vaults:-1

Altars:
Ashenzari
Ru
Trog

Annotations:
D:4 Dowan, Duvessa


Innate Abilities, Weirdness & Mutations

You are resistant to torment.
Your stone body is resilient. (AC +4)
You are immune to poison.
You resist negative energy. (rN+)
You are resistant to electric shocks. (rElec)
You can survive without breathing.
You are immune to petrification.
You are immune to rotting.


Message History

The scorpion stings you.
* * * LOW HITPOINT WARNING * * *
You climb upwards.
There is a stone staircase leading down here.
Casting: Flame Tongue
Confirm with . or Enter, or press ? or * to list all spells.
Aiming: Flame Tongue
Press: ? - help, Shift-Dir - straight line, f - scorpion
Aim: a scorpion (heavily wounded)
The flame tongue misses the scorpion.
The scorpion stings you.
* * * LOW HITPOINT WARNING * * *
Casting: Flame Tongue
Confirm with . or Enter, or press ? or * to list all spells.
Aiming: Flame Tongue
Press: ? - help, Shift-Dir - straight line, f/p - scorpion
Aim: a scorpion (heavily wounded)
The flame tongue hits the scorpion.
The scorpion is almost dead.
The scorpion stings you.
You die...

##.# ##..# ##.#.##
##.##..##
#######.###.#.##
#...........##.###
#.#####.##.......#
#.# ##.#...###.#
#@# ##......#.#
#s# ##.......#
###.### ##.#.#...
#.....# #.#....#
##.###.# #......#
#..# #.# ##'######
#(.###.# ##...##
#......# ##.....##
####.##.###
##.......##


You could see a scorpion.

Vanquished Creatures
  A howler monkey (D:3)
  An orc priest (D:4)
  A worker ant (D:3)
  A gnoll (D:1)
  2 adders (D:2)
  An ooze (D:1)
  2 dart slugs
  A leopard gecko (D:1)
  2 orcs
  A giant cockroach (D:1)
  8 goblins
  9 hobgoblins
  5 jackals (D:3)
  2 quokkas (D:2)
  A ball python (D:1)
  3 bats
  5 frilled lizards
  10 kobolds
  4 rats
60 creatures vanquished.

Notes
Turn   | Place    | Note
-------+----------+-------------------------------------------
     0 | D:1      | TheGoonsmith the Gargoyle Fire Elementalist began the quest for the Orb.
     0 | D:1      | Reached XP level 1. HP: 10/10 MP: 3/3
   175 | D:1      | Reached skill level 2 in Conjurations
   175 | D:1      | Reached XP level 2. HP: 10/15 MP: 0/5
   496 | D:1      | Reached XP level 3. HP: 17/19 MP: 2/6
   847 | D:2      | Reached skill level 3 in Conjurations
   880 | D:2      | Found a shattered altar of Ashenzari.
   907 | D:2      | Reached XP level 4. HP: 23/24 MP: 0/7
   977 | D:2      | Learned a level 4 spell: Sticky Flame
   981 | D:2      | Learned a level 3 spell: Conjure Flame
  1657 | D:3      | Found a bloodstained altar of Trog.
  1901 | D:3      | Found a sacrificial altar of Ru.
  2157 | D:3      | Reached skill level 4 in Conjurations
  2157 | D:3      | Reached XP level 5. HP: 28/28 MP: 5/9
  2730 | D:4      | Noticed Duvessa
  2953 | D:4      | Noticed Dowan
  3103 | D:3      | Slain by a scorpion

Vault maps used:
D:1:      minmay_arrival_four_houses
D:2:      overflow_temple_1_default, grunt_ministairs_12
D:3:      nicolae_ru_sacrificial_ziggurat, trog_hazing_becter
D:4:      minmay_goblin_kobold_castle, uniq_blork_the_orc, uniq_grinder,
          uniq_duvessa

Skill      XL: |  1  2  3  4  5 |
---------------+----------------+-----
Conjurations   | 2 3 4 |  4.3
Spellcasting   | 3 |  3.0
Dodging        | |  1.5
Stealth        | |  2.1
Fire Magic     | |  3.8

Action                   |  1- 3 |  4- 6 || total
-------------------------+-------+-------++-------
Melee: Unarmed           |     3 |       ||     3
       Dagger            |    11 |       ||    11
       Mace              |     8 |    10 ||    18
 Cast: Flame Tongue      |    37 |    70 ||   107
  Use: Scroll            |       |     6 ||     6
       Potion            |       |     1 ||     1
 Stab: Sleeping          |     1 |       ||     1
Armor: Robe              |    15 |    17 ||    32
Dodge: Dodged            |    28 |    23 ||    51
